 Dungeon Crawl Stone Soup version 0.29-a0-542-g075992c915 (webtiles) character file.

Game seed: 17580293924855672257

2 xian the Slasher (level 1, -4/16 HPs)
             Began as a Demonspawn Gladiator on June 4, 2022.
             Slain by a kobold
             ... wielding a +0 short sword
              (5 damage)
             ... on level 1 of the Dungeon.
             The game lasted 00:00:17 (82 turns).

xian the Slasher (Demonspawn Gladiator)               Turns: 82, Time: 00:00:18

Health: -4/16      AC:  4    Str: 14    XL:     1   Next: 33%
Magic:  1/1        EV: 12    Int:  9    God:
Gold:   15         SH:  0    Dex: 14    Spells: 0/0 levels left

rFire   . . .      SeeInvis .   a - +0 long sword
rCold   . . .      Faith    .   (no shield)
rNeg    . . .      Spirit   .   b - +0 leather armour
rPois   .          Reflect  .   c - +0 helmet
rElec   .          Harm     .   (no cloak)
rCorr   .          Rampage  .   (no gloves)
Will    .....                   (no boots)
Stlth   +.........              (no amulet)
HPRegen 0.05/turn               (no ring)
MPRegen 0.07/turn               (no ring)

@: no status effects
A: no striking features
a: no special abilities


You were on level 1 of the Dungeon.
You visited 1 branch of the dungeon, and saw 1 of its levels.

You collected 15 gold pieces.

Inventory:

Hand Weapons
 a - a +0 long sword (weapon)
Missiles
 d - 3 throwing nets (quivered)
 e - a javelin
Armour
 b - a +0 leather armour (worn)
 c - a +0 helmet (worn)
Scrolls
 f - a scroll of teleportation {unknown}


   Skills:
 + Level 2.0 Fighting
 + Level 2.7 Long Blades
 + Level 1.7 Throwing
 + Level 2.7 Dodging


You couldn't memorise any spells.
You didn't know any spells.
Your spell library was empty.

Dungeon Overview and Level Annotations

Branches:
Dungeon (1/15)

Altars:


Message History

The ball python grabs you. The ball python constricts you.
The kobold hits you but does no damage.
You barely miss the kobold.
The ball python hisses angrily.
The ball python bites you but does no damage.
The ball python constricts you. The kobold hits you but does no damage.
The ball python closely misses you. The ball python constricts you.
Unknown command.
You closely miss the ball python.
The ball python bites you but does no damage.
The ball python constricts you. The kobold barely misses you.
You closely miss the ball python. The ball python bites you.
The ball python constricts you. The ball python closely misses you.
The kobold hits you with a +0 short sword.
The ball python bites you but does no damage.
The ball python constricts you. The ball python bites you.
You closely miss the ball python. The kobold closely misses you.
The ball python bites you. The ball python constricts you.
The ball python bites you.
The kobold hits you with a +0 short sword.
* * * LOW HITPOINT WARNING * * *
You escape the ball python's grasp.
The ball python bites you but does no damage.
The ball python misses you. The kobold misses you.
You hit the ball python.
You kill the ball python!
The ball python bites you.
* * * LOW HITPOINT WARNING * * *
The ball python closely misses you.
The kobold hits you with a +0 short sword.
* * * LOW HITPOINT WARNING * * *
The ball python closely misses you. The ball python completely misses you.
You barely miss the ball python. The ball python misses you.
The ball python closely misses you. The kobold closely misses you.
The rat closely misses you.
You slash the ball python!
You kill the ball python!
The rat bites you but does no damage.
The kobold hits you with a +0 short sword.
You die...

.##.....##..##...##..#
.......####......##..#
......## ####..###..#
...#### ##.# #..# .###
#.###..# ##
#######......#
...........†.#
.....!......##
.......r@...#
....:..K...##
...##.....## #.
#..#### # #.. ... ....
.....


You could see a kobold and a rat.

Vanquished Creatures
  2 ball pythons (D:1)
  A quokka (D:1)
3 creatures vanquished.

Notes
Turn   | Place    | Note
-------+----------+-------------------------------------------
     0 | D:1      | xian the Demonspawn Gladiator began the quest for the Orb.
     0 | D:1      | Reached XP level 1. HP: 16/16 MP: 1/1
    82 | D:1      | Slain by a kobold

Illustrated notes

Levels and vault maps discovered:
D:1:      dpeg_arrival_round_c, layout_rooms,
          shapermc_ecumenical_altar_mp_vishouse, serial_aquarium,
          aquarium_bridge_square [aquarium_subvault_bridge,
          aquarium_subvault_bridge, aquarium_subvault_wall,
          aquarium_subvault_balcony], aquarium_window_1, aquarium_window_fake,
          aquarium_window_3, aquarium_window_1, aquarium_view_2d,
          aquarium_view_2a, aquarium_pool_side

Action                   || total
-------------------------++-------
Melee: Long sword        ||    14
Armor: Leather armour    ||    10
Dodge: Dodged            ||    20

Table legend: (Time is in decaauts)
 A = Elapsed time spent in this place.
 B = Non-inter-level travel time spent in this place.
 C = Inter-level travel time spent in this place.
 D = Time resting spent in this place.
 E = Time spent auto-exploring this place.
 F = Levels seen in this place.
 G = Mean time per level.
                   A        B        C        D        E       F      G
               +--------+--------+--------+--------+--------+-----+--------+
         Total |     85 |     85 |      0 |      0 |     53 |   1 |   85.0 |
       Dungeon |     85 |     85 |      0 |      0 |     53 |   1 |   85.0 |
               +--------+--------+--------+--------+--------+-----+--------+

Top non-repeatable levels by time:
     D:1: 85 daAuts
